 Dungeon Crawl Stone Soup version 0.27-a0-1144-g0b7d3b79db (webtiles) character file.

Game seed: 10469723736272787431

22 neco the Firebug (level 2, -2/18 HPs)
             Began as an Octopode Fire Elementalist on May 11, 2021.
             Was an Initiate of Ashenzari.
             Slain by a black bear (5 damage)
             ... on level 3 of the Dungeon.
             The game lasted 00:28:08 (1897 turns).

neco the Firebug (Octopode Fire Elementalist)       Turns: 1897, Time: 00:28:13

Health: -2/18      AC:  1    Str:  7    XL:     2   Next: 91%
Magic:  4/5        EV: 13    Int: 17    God:    Ashenzari [......]
Gold:   42         SH:  0    Dex: 12    Spells: 4/5 levels left

rFire    . . .     SeeInvis .   l - +1 mace
rCold    . . .     Faith    .   (no shield)
rNeg     . . .     Spirit   .   (helmet restricted)
rPois    .         Reflect  .   (no amulet)
rElec    .         Harm     .   (no ring)
rCorr    .         Rampage  .   (no ring)
Will     .....                  (no ring)
Stlth    +++.......             (no ring)
HPRegen  0.06/turn              (no ring)
MPRegen  0.09/turn              (no ring)
                                (no ring)
                                (no ring)

@: no status effects
A: almost no armour, amphibious, 8 rings, camouflage 1, gelatinous body 1,
(nimble swimmer 1), tentacles
a: Renounce Religion, Curse Item


You were on level 3 of the Dungeon.
You worshipped Ashenzari.
Ashenzari was noncommittal.
You visited 1 branch of the dungeon, and saw 3 of its levels.

You collected 42 gold pieces.

Inventory:

Hand Weapons
 a - a +0 dagger
 c - a +0 hunting sling
 d - a +0 dagger
 j - a +0 club
 k - a +0 dagger
 l - a +1 mace (weapon)
Missiles
 b - 4 stones
 f - 22 bolts
 i - 38 arrows
Wands
 h - a wand of iceblast (9) (quivered)
Scrolls
 g - a scroll of teleportation
 m - a scroll of holy word
Potions
 e - a potion of cancellation


   Skills:
 + Level 0.5 Fighting
 + Level 2.1 Dodging
 + Level 3.0 Stealth
 + Level 2.1 Spellcasting
 + Level 1.0 Conjurations
 + Level 3.5 Fire Magic


You had 4 spell levels left.
You knew the following spells:

 Your Spells              Type           Power      Damage    Failure   Level
a - Foxfire               Conj/Fire      36%        2x1d5     8%          1

Your spell library contained the following spells:

 Spells                   Type           Power      Damage    Failure   Level
 Conjure Flame            Conj/Fire      9%         6-21      22%         3
 Inner Flame              Hex/Fire       7%         N/A       28%         3
 Sticky Flame             Conj/Fire      9%         2d3       58%         4
 Fireball                 Conj/Fire      4%         3d4       90%         5


Dungeon Overview and Level Annotations

Branches:
Dungeon (3/15)

Altars:
Ashenzari


Innate Abilities, Weirdness & Mutations

You cannot wear most types of armour.
You are amphibious.
You can wear up to eight rings at the same time.
Your skin changes colour to match your surroundings (Stealth+).
Your rubbery body absorbs attacks. (AC +1, EV +1)
((You are camouflaged near water. (Stealth+)))
You have tentacles for arms and can constrict up to eight enemies at once.


Message History

The floor.
Press: ? - help, v - describe, . - travel The floor.
Hit: l) +1 mace
Press: ? - help, Dir - move target, f - you
Okay, then.
Press: ? - help, v - describe, . - travel The floor.
Press: ? - help, v - describe, . - travel The floor.
Hit: l) +1 mace
Press: ? - help, Dir - move target, f - you
Okay, then.
Aiming: Iceblast
Press: ? - help, Q - select action, (/) - cycle Shift-Dir - straight line, f - black bear
Aim: a black bear The mass of ice explodes!
The iceblast engulfs the black bear!
The black bear is heavily wounded.
You hear an angry hiss.
The black bear bites you. The black bear barely misses you.
The black bear claws you.
You hit the black bear. Your grab misses the black bear.
Your squeeze misses the black bear.
The black bear is heavily wounded.
The black bear barely misses you. The black bear misses you.
The black bear closely misses you. The black bear bites you.
The black bear barely misses you. The black bear misses you.
You are too injured to fight recklessly!
Aiming: Iceblast
Press: ? - help, Q - select action, (/) - cycle Shift-Dir - straight line, f/p - black bear
Aim: a black bear (heavily wounded)
Okay, then.
Casting: Foxfire (safe; 8% risk of failure)
Confirm with . or Enter, or press ? or * to list all spells.
You conjure some foxfire!
A ball python comes into view.
The black bear bites you. The black bear claws you.
* * * LOW HITPOINT WARNING * * *
The black bear claws you.
You die...

######## .......# ###
.......# .... b.......
..... ###### ##......
......#####....####......
.(.....h@................
.(.....vv................
......#.###....####......
#######.# #....# #......
#.# #?...# #...... #.#
###### ####### #.# #S# #.


You could see a black bear (ally target) and a ball python.

Vanquished Creatures
  A worm (D:2)
  An orc (D:3)
  2 endoplasms (D:2)
  4 goblins
  2 jackals (D:2)
  A kobold (D:2)
  A quokka (D:2)
  2 bats
  2 rats
16 creatures vanquished.

Vanquished Creatures (others)
  14 foxfires
14 creatures vanquished.

Grand Total: 30 creatures vanquished

Notes
Turn   | Place    | Note
-------+----------+-------------------------------------------
     0 | D:1      | neco the Octopode Fire Elementalist began the quest for the
                  | Orb.
     0 | D:1      | Reached XP level 1. HP: 11/11 MP: 3/3
    79 | D:1      | You fall into a shaft and drop 1 floor!
   224 | D:2      | Found a broken altar of Ashenzari.
   230 | D:2      | Became a worshipper of Ashenzari the Shackled
  1255 | D:2      | Reached XP level 2. HP: 16/18 MP: 5/5
  1888 | D:3      | Noticed a black bear
  1897 | D:3      | Slain by a black bear

Illustrated notes

Levels and vault maps discovered:
D:1:      wander_arrival_peaceful_grave, layout_basic, serial_glass,
          glass_columns_a, glass_columns_a, glass_columns_a,
          chequers_ecumenical_altar_simple_redux, lemuel_old_faithful
D:2:      layout_loops_corners, basic_altar
D:3:      layout_basic, serial_shops, shop, uniq_grinder

Skill      XL: |  1  2 |
---------------+-------+-----
Stealth        | 3 |  3.0
Fighting       | |  0.5
Dodging        | |  2.1
Spellcasting   | |  2.1
Conjurations   | |  1.0
Fire Magic     | |  3.5

Action                   || total
-------------------------++-------
Melee: Dagger            ||    20
       Constrict         ||     7
       Unarmed           ||     2
       Mace              ||     4
       Tentacles         ||     4
 Cast: Foxfire           ||     9
Evoke: Wand              ||     1
  Use: Scroll            ||     1
 Stab: Sleeping          ||     2
Armor: Skin              ||     3
Dodge: Dodged            ||    31

Table legend: (Time is in decaauts)
 A = Elapsed time spent in this place.
 B = Non-inter-level travel time spent in this place.
 C = Inter-level travel time spent in this place.
 D = Time resting spent in this place.
 E = Time spent auto-exploring this place.
 F = Levels seen in this place.
 G = Mean time per level.
                   A        B        C        D        E       F      G
               +--------+--------+--------+--------+--------+-----+--------+
         Total |   1897 |   1876 |     21 |    212 |      0 |   3 |  632.3 |
       Dungeon |   1897 |   1876 |     21 |    212 |      0 |   3 |  632.3 |
               +--------+--------+--------+--------+--------+-----+--------+

Top non-repeatable levels by time:
     D:2: 1606 daAuts
     D:3: 211 daAuts
     D:1: 79 daAuts
